 Dungeon Crawl Stone Soup version 0.26-a0-831-g7192265339 (webtiles) character file.

Game seed: 14767483347228252163

361 kreisler the Vexing (level 6, 0/47 HPs)
             Began as a Gnoll Arcane Marksman on Nov 15, 2020.
             Was an Initiate of the Shining One.
             Slain by an orc
             ... wielding a cursed -1 short sword
              (6 damage)
             ... on level 4 of the Dungeon.
             The game lasted 00:32:37 (4122 turns).

kreisler the Vexing (Gnoll Arcane Marksman)         Turns: 4122, Time: 00:32:38

Health: 0/47       AC:  3    Str: 14    XL:     6   Next: 66%
Magic:  0/11       EV: 15    Int: 15    God:    the Shining One [......]
Gold:   212        SH:  0    Dex: 14    Spells: 11/12 levels left

rFire    . . .     SeeInvis .   t - +0 short sword
rCold    + + .     Faith    .   (no shield)
rNeg     . . .     Spirit   +   e - +0 robe
rPois    +         Reflect  .   (no helmet)
rElec    +         Harm     .   z - +0 cloak
rCorr    .         Rampage  .   (no gloves)
MR       .....                  (no boots)
Stlth    +.........             s - amulet of guardian spirit
HPRegen  0.15/turn              c - ring of protection from cold
MPRegen  0.12/turn              f - ring of poison resistance

@: glowing
A: distributed training, fangs 1, clumsy 1, cold resistance 1, electricity
resistance, strong nose
a: Renounce Religion


You were on level 4 of the Dungeon.
You worshipped the Shining One.
The Shining One was noncommittal.
You visited 1 branch of the dungeon, and saw 4 of its levels.

You collected 212 gold pieces.

Inventory:

Hand Weapons
 a - a +0 shortbow
 h - a +0 dagger
 t - a +0 short sword (weapon)
 y - a +4 quarterstaff of chaos
Missiles
 d - 15 arrows
Armour
 e - a +0 robe (worn)
 z - a +0 cloak (worn)
Jewellery
 c - a ring of protection from cold (left hand)
 f - a ring of poison resistance (right hand)
 k - an uncursed amulet of regeneration
 s - an amulet of guardian spirit (around neck)
Wands
 i - a wand of disintegration (18)
 x - a wand of random effects (10)
 D - a wand of enslavement (6)
Scrolls
 g - 2 scrolls of identify
 l - 2 scrolls of enchant armour {unknown}
 n - 2 scrolls of remove curse {unknown}
 u - a scroll of amnesia {unknown}
 w - 2 scrolls of teleportation {unknown}
 B - a scroll of magic mapping {unknown}
Potions
 b - a potion of lignification {unknown}
 m - a potion of cancellation
 o - a potion of might {unknown}
 q - a potion of magic
 r - a potion of flight
 v - a potion of mutation
 A - a potion of degeneration {unknown}


   Skills:
 + Level 3.3 Fighting
 + Level 2.0 Short Blades
 + Level 2.0 Long Blades
 + Level 2.0 Axes
 + Level 2.0 Maces & Flails
 + Level 2.0 Polearms
 + Level 2.0 Staves
 + Level 2.0 Slings
 + Level 5.0 Bows
 + Level 2.0 Crossbows
 + Level 2.0 Throwing
 + Level 2.0 Armour
 + Level 5.0 Dodging
 + Level 2.0 Stealth
 + Level 2.0 Shields
 + Level 2.0 Unarmed Combat
 + Level 3.5 Spellcasting
 + Level 1.6 Conjurations
 + Level 5.7 Hexes
 + Level 1.6 Summonings
 + Level 1.6 Necromancy
 + Level 1.6 Translocations
 + Level 1.6 Transmutations
 + Level 1.6 Fire Magic
 + Level 1.6 Ice Magic
 + Level 1.6 Air Magic
 + Level 1.6 Earth Magic
 + Level 1.6 Poison Magic
 + Level 2.2 Invocations
 + Level 2.0 Evocations


You had 11 spell levels left.
You knew the following spells:

 Your Spells              Type           Power        Failure   Level
a - Corona                Hex            ###....      1%          1

Your spell library contained the following spells:

 Spells                   Type           Power        Failure   Level
 Slow                     Hex            ###.....     2%          2
 Inner Flame              Hex/Fire       ##......     13%         3
 Portal Projectile        Hex/Tloc       ##....       13%         3
 Cause Fear               Hex            ###.......   19%         4
 Leda's Liquefaction      Hex/Erth       ##........   38%         4


Dungeon Overview and Level Annotations

Branches:
Dungeon (4/15)
 Temple: D:4-7

Altars:
Gozag
The Shining One


Innate Abilities, Weirdness & Mutations

Your experience applies equally to all skills.
You have very sharp teeth.
Your uncanny sense of smell can sniff out nearby items.
You are clumsy. (Dex -2)
Your flesh is cold resistant. (rC+)
You are resistant to electric shocks. (rElec)


Message History

* * * LOW HITPOINT WARNING * * *
You hit the orc wizard.
You kill the orc wizard!
You hit the orc but do no damage.
The orc is moderately wounded.
The orc barely misses you.
You closely miss the orc.
The orc is moderately wounded.
The orc hits you with a cursed -1 short sword.
* * * LOW HITPOINT WARNING * * *
Casting: Corona (safe; 1% risk of failure)
Confirm with . or Enter, or press ? or * to list all spells.
Aiming: Corona (safe; 1% risk of failure)
Press: ? - help, Shift-Dir - straight line, f - orc
Aim: an orc, wielding a -1 short sword (moderately wounded, chance to defeat MR: 73%)
The orc is outlined in light.
The orc closely misses you.
You hit the orc but do no damage.
The orc is moderately wounded.
The orc hits you with a cursed -1 short sword.
You die...

#.##..#######.
#.##.....##...
####.##.###.....#
####..............#.
....##.##.###.####. ####
#..##.##.###.####. ...
#..##.##..........
######.##..............##.
#......)o@.#########.#....
#.####.##### #.##### #.
#.# .o #.#


o.o #.# ##.. #.# ##o #.##### #. #.....# #.###.# You could see an orc (corona).

Vanquished Creatures
  A hound (D:4)
  A centaur skeleton (D:4)
  2 orc wizards (D:4)
  Crazy Yiuf (D:2)
  Natasha (thrice) (D:3)
  A worker ant (D:4)
  2 adders (D:2)
  2 oozes
  An adder skeleton (D:4)
  A worm (D:3)
  2 leopard geckos
  12 orcs
  6 bats
  6 giant cockroaches
  8 hobgoblins
  3 jackals (D:2)
  7 kobolds
  2 quokkas (D:4)
  2 frilled lizards
  10 goblins
  A quokka skeleton (D:4)
  6 rats
80 creatures vanquished.

Notes
Turn   | Place    | Note
-------+----------+-------------------------------------------
     0 | D:1      | kreisler the Gnoll Arcane Marksman began the quest for the
                  | Orb.
     0 | D:1      | Reached XP level 1. HP: 17/17 MP: 4/4
   108 | D:1      | Reached XP level 2. HP: 23/23 MP: 5/5
   831 | D:2      | Reached XP level 3. HP: 28/28 MP: 7/7
   859 | D:2      | Reached skill level 1 in Invocations
  1111 | D:2      | Reached skill level 1 in Short Blades
  1111 | D:2      | Reached skill level 1 in Long Blades
  1111 | D:2      | Reached skill level 1 in Axes
  1111 | D:2      | Reached skill level 1 in Maces & Flails
  1111 | D:2      | Reached skill level 1 in Polearms
  1111 | D:2      | Reached skill level 1 in Staves
  1111 | D:2      | Reached skill level 1 in Slings
  1111 | D:2      | Reached skill level 1 in Crossbows
  1111 | D:2      | Reached skill level 1 in Throwing
  1111 | D:2      | Reached skill level 1 in Armour
  1111 | D:2      | Reached skill level 1 in Stealth
  1111 | D:2      | Reached skill level 1 in Shields
  1111 | D:2      | Reached skill level 1 in Unarmed Combat
  1111 | D:2      | Reached skill level 1 in Evocations
  1240 | D:2      | Reached XP level 4. HP: 34/34 MP: 8/8
  1347 | D:2      | Found a runed translucent door.
  1348 | D:2      | Noticed Crazy Yiuf
  1365 | D:2      | Killed Crazy Yiuf
  1366 | D:2      | Reached skill level 1 in Conjurations
  1366 | D:2      | Reached skill level 1 in Summonings
  1366 | D:2      | Reached skill level 1 in Necromancy
  1366 | D:2      | Reached skill level 1 in Translocations
  1366 | D:2      | Reached skill level 1 in Transmutations
  1366 | D:2      | Reached skill level 1 in Fire Magic
  1366 | D:2      | Reached skill level 1 in Ice Magic
  1366 | D:2      | Reached skill level 1 in Air Magic
  1366 | D:2      | Reached skill level 1 in Earth Magic
  1366 | D:2      | Reached skill level 1 in Poison Magic
  2024 | D:3      | Noticed Natasha
  2039 | D:3      | Killed Natasha
  2040 | D:3      | Reached XP level 5. HP: 27/40 MP: 6/9
  2575 | D:3      | Noticed Natasha
  2581 | D:3      | Killed Natasha
  2668 | D:3      | Noticed Natasha
  2676 | D:3      | Killed Natasha
  3067 | D:3      | Gained mutation: You are clumsy. (Dex -2) [potion of
                  | mutation]
  3067 | D:3      | Gained mutation: Your flesh is cold resistant. (rC+)
                  | [potion of mutation]
  3067 | D:3      | Gained mutation: You are resistant to electric shocks.
                  | (rElec) [potion of mutation]
  3279 | D:4      | Reached XP level 6. HP: 22/47 MP: 5/10
  3678 | D:4      | Found a glowing golden altar of the Shining One.
  3681 | D:4      | Became a worshipper of the Shining One
  3760 | D:4      | Reached skill level 5 in Bows
  3760 | D:4      | Reached skill level 5 in Dodging
  3981 | D:4      | Found an opulent altar of Gozag.
  4122 | D:4      | Slain by an orc

Illustrated notes

Levels and vault maps discovered:
D:1:      co_arrival_random_square_maze, layout_rooms, minmay_pentomino_u2
D:2:      layout_basic, chequers_decorated_corner, uniq_crazy_yiuf_cottage
D:3:      layout_basic, uniq_natasha
D:4:      layout_loops_ring, tso_oasis_becter, nicolae_overflow_hidden_temple

Skill      XL: |  1  2  3  4  5  6 |
---------------+-------------------+-----
Invocations    | 1 2 |  2.2
Short Blades   | 1 2 |  2.0
Long Blades    | 1 2 |  2.0
Axes           | 1 2 |  2.0
Maces & Flails | 1 2 |  2.0
Polearms       | 1 2 |  2.0
Staves         | 1 2 |  2.0
Slings         | 1 2 |  2.0
Crossbows      | 1 2 |  2.0
Throwing       | 1 2 |  2.0
Armour         | 1 2 |  2.0
Stealth        | 1 2 |  2.0
Shields        | 1 2 |  2.0
Unarmed Combat | 1 2 |  2.0
Evocations     | 1 2 |  2.0
Spellcasting   | 3 |  3.5
Conjurations   | 1 |  1.6
Summonings     | 1 |  1.6
Necromancy     | 1 |  1.6
Translocations | 1 |  1.6
Transmutations | 1 |  1.6
Fire Magic     | 1 |  1.6
Ice Magic      | 1 |  1.6
Air Magic      | 1 |  1.6
Earth Magic    | 1 |  1.6
Poison Magic   | 1 |  1.6
Fighting       | 3 |  3.3
Bows           | 5 |  5.0
Dodging        | 5 |  5.0
Hexes          | |  5.7

Action                   |  1- 3 |  4- 6 || total
-------------------------+-------+-------++-------
Melee: Short sword       |       |   272 ||   272
       Bite              |       |    26 ||    26
       Punch             |       |     1 ||     1
 Fire: Shortbow          |   109 |    21 ||   130
 Cast: Corona            |     3 |    28 ||    31
  Use: Potion            |     1 |    10 ||    11
       Scroll            |       |     2 ||     2
 Stab: Sleeping          |       |     1 ||     1
Armor: Robe              |    10 |    31 ||    41
Dodge: Dodged            |    42 |   179 ||   221

Table legend: (Time is in decaauts)
 A = Elapsed time spent in this place.
 B = Non-inter-level travel time spent in this place.
 C = Inter-level travel time spent in this place.
 D = Time resting spent in this place.
 E = Time spent auto-exploring this place.
 F = Levels seen in this place.
 G = Mean time per level.
                   A        B        C        D        E       F      G
               +--------+--------+--------+--------+--------+-----+--------+
         Total |   4140 |   4140 |      0 |      0 |   2750 |   4 | 1035.0 |
       Dungeon |   4140 |   4140 |      0 |      0 |   2750 |   4 | 1035.0 |
               +--------+--------+--------+--------+--------+-----+--------+

Top non-repeatable levels by time:
     D:2: 1195 daAuts
     D:3: 1085 daAuts
     D:4: 1027 daAuts
     D:1: 832 daAuts
